 Dungeon Crawl Stone Soup version 0.30-b1-2-g02819fbbbe (webtiles) character file.

Game seed: 18129892321246335332

354104 raph the Minotaur Blade (level 21, -4/179 HPs)
             Began as a Minotaur Berserker on June 20, 2023.
             Was a High Priest of Trog.
             Killed from afar by a fire giant (57 damage)
             ... with a fireball
             ... on level 2 of the Depths.
             The game lasted 01:16:49 (55038 turns).

raph the Minotaur Blade (Minotaur Berserker)       Turns: 55038, Time: 01:16:49

Health: -4/179     AC: 48    Str: 25    XL:     21   Next: 35%
Magic:  0/29       EV: 28    Int:  7    God:    Trog [*****.]
Gold:   5369       SH:  0    Dex: 31    Spells: 20/20 levels left

rFire   . . .        a - +9 triple sword "Fojips" {heavy, rPois Int-2 Dex+3}
rCold   + . .        (shield currently unavailable)
rNeg    + + +        r - +5 pearl dragon scales
rPois   +            N - +1 hat of Wisdom {rCorr Str-2 Dex+9}
rElec   +            x - +2 cloak
rCorr   +            Z - +5 pair of gloves "Gedaq" {rElec rPois Str-3 Int+4}
SInv    +            H - +5 pair of boots of the Sun {rN+}
Will    +++..        V - amulet "Huunn" {Spirit Rampage Int+3 SInv}
Stlth   +            Q - ring "Tufekk" {rN+ rCorr MP+9}
HPRegen 1.49/turn    z - +4 ring of protection
MPRegen 0.21/turn

%: guardian spirit, rampage
@: strong-willed (expiring), spiked, regenerating (expiring), hasted, very quick
A: horns 2, retaliatory headbutt, iridescent scales 1, agile 1, cold resistance
1, deterioration 1, frail 1, strong 1, wild magic 1
}: 2/15 runes: serpentine, barnacled
a: Renounce Religion, Berserk, Trog's Hand, Brothers in Arms


You were on level 2 of the Depths.
You worshipped Trog.
Trog was extremely pleased with you.
You visited 7 branches of the dungeon, and saw 36 of its levels.
You visited the Abyss 2 times.
You visited 1 bazaar.
You also visited: Sewer, Ossuary, Bailey, Gauntlet, Ice Cave and Wizlab.

You collected 5640 gold pieces.
You spent 271 gold pieces at shops.

Inventory:

Hand Weapons
 a - the +9 triple sword "Fojips" (weapon) {heavy, rPois Int-2 Dex+3}
   (Trog gifted it to you on level 9 of the Dungeon)

   Int:       It affects your intelligence (-2).
   Dex:       It affects your dexterity (+3).
   rPois:     It protects you from poison.
 b - the +11 double sword "Kealergh" {flame, Str+3 Int-3 Stlth+}
   (Trog gifted it to you on level 4 of the Snake Pit)

   Str:       It affects your strength (+3).
   Int:       It affects your intelligence (-3).
   Stlth:     It makes you more stealthy.
Missiles
 c - 24 silver javelins
 f - 35 boomerangs (quivered)
 u - 94 poisoned darts
 w - 5 curare-tipped darts
 D - 17 javelins
 E - 4 boomerangs of dispersal
 L - 4 throwing nets
Armour
 r - +5 pearl dragon scales (worn)
 x - a +2 cloak (worn)
 H - the +5 pair of boots of the Sun (worn) {rN+}
   (You acquired it on level 2 of the Lair of Beasts)

   rN:        It protects you from negative energy.
 N - the +1 hat of Wisdom (worn) {rCorr Str-2 Dex+9}
   (You found it in a Gauntlet)

   Str:       It affects your strength (-2).
   Dex:       It affects your dexterity (+9).
   rCorr:     It protects you from acid and corrosion.
 Z - the +5 pair of gloves "Gedaq" (worn) {rElec rPois Str-3 Int+4}
   (You found it in a bailey)

   Str:       It affects your strength (-3).
   Int:       It affects your intelligence (+4).
   rElec:     It insulates you from electricity.
   rPois:     It protects you from poison.
Jewellery
 i - a ring of see invisible
 z - a +4 ring of protection (right hand)
 O - a ring of willpower
 Q - the ring "Tufekk" (left hand) {rN+ rCorr MP+9}
   (You took it off a minotaur in a Gauntlet)

   [ring of magical power]

   rN:        It protects you from negative energy.
   MP:        It affects your magic capacity (+9).
   rCorr:     It protects you from acid and corrosion.
 V - the amulet "Huunn" (around neck) {Spirit Rampage Int+3 SInv}
   (You found it on level 14 of the Dungeon)

   [amulet of guardian spirit]

   It causes incoming damage to be divided between your reserves of health and
   magic.
   Int:       It affects your intelligence (+3).
   SInv:      It lets you see invisible.
   Rampage:   It bestows one free step when moving towards enemies.
Wands
 k - a wand of flame (38)
 q - a wand of mindburst (5)
 P - a wand of iceblast (22)
 S - a wand of light (22)
 T - a wand of charming (47)
 W - a wand of polymorph (7)
Scrolls
 e - 2 scrolls of fear
 h - a scroll of brand weapon
 j - 15 scrolls of teleportation
 o - 8 scrolls of vulnerability
 p - a scroll of blinking
 t - 2 scrolls of enchant weapon
 v - 9 scrolls of fog
 y - a scroll of silence
 B - 2 scrolls of poison
 J - a scroll of magic mapping
 U - 2 scrolls of butterflies
Potions
 d - 16 potions of curing
 g - 6 potions of resistance
 l - 7 potions of haste
 m - 5 potions of heal wounds
 n - 7 potions of cancellation
 s - 11 potions of flight
 A - 6 potions of might
 C - 7 potions of attraction
 F - 3 potions of ambrosia
 I - 8 potions of invisibility
 M - 5 potions of mutation
Miscellaneous
 G - a phial of floods
 R - a condenser vane
 Y - a phantom mirror


   Skills:
 + Level 19.5 Fighting
 + Level 22.5 Long Blades
 + Level 18.4 Throwing
 + Level 19.3 Armour
 + Level 17.7 Dodging
 - Level 2.4 Shields
 + Level 13.6 Evocations


You had 20 spell levels left.
You didn't know any spells.
Your spell library was empty.

Dungeon Overview and Level Annotations

Branches:
Dungeon (15/15)            Temple (0/1) D:4            Lair (5/5) D:10
 Shoals (4/4) Lair:3        Snake (4/4) Lair:2        Slime (0/5) Lair:5
    Orc (2/2) D:12            Elf (0/3) Orc:2        Vaults (4/5) D:13
  Crypt (0/3) Vaults:3     Depths (2/4) D:15          Sewer (visited)
Ossuary (visited)          Bailey (visited)           IceCv (visited)
 WizLab (visited)         Gauntlet (visited)

Altars:
Ashenzari
Dithmenos
Elyvilon
Fedhas
Hepliaklqana
Makhleb
Okawaru
Wu Jian
Xom
Zin
The Shining One
Jiyva

Shops:
Orc:2 *[*[   Snake:1 [   Snake:2 :   Depths:1 (

Portals:
Hell: Depths:1
Pandemonium: Depths:1
Trove: Vaults:2 (give +4 ice dragon scales)

Annotations:
D:15 3 runed translucent doors, MuffinSoup's ghost, journeyman OpHW
Shoals:2 3 runed translucent doors, exclusion: obsidian statue, Borgoz's ghost, adept GrBe
Vaults:2 3 runed translucent doors
Depths:1 4 transporters


Innate Abilities, Weirdness & Mutations

You have a pair of horns on your head.
You reflexively headbutt those who attack you in melee.
You are partially covered in iridescent scales. (AC +2)
You are agile. (Dex +4, Str/Int -1)
Your flesh is cold resistant. (rC+)
Your body sometimes deteriorates upon taking damage.
You are frail. (-10% HP)
Your muscles are strong. (Str +4, Int/Dex -1)
Your spells are a little harder to cast, but a little more powerful.


Message History

The fire giant hits you with a +1 great sword of flaming.
* * * LOW HITPOINT WARNING * * *
The fire giant burns you.
* * * LOW HITPOINT WARNING * * *
You feel much better.
You feel the effects of Trog's Hand fading.
The fire giant points at you and mumbles some strange words.
The bolt of fire misses you. The fire dragon breathes flames at you.
The blast of flame hits the fire giant.
The fire giant resists.
The blast of flame misses you.
You hear a shout! x2
You feel yourself speed up. The fire giant misses you.
The tengu reaver gestures at you while chanting.
The bolt of fire hits the fire dragon!
The fire dragon resists.
The bolt of fire hits the fire giant!
The fire giant resists.
The bolt of fire hits you but does no damage.
A red devil comes into view. It is wielding a +0 demon trident.
The ice dragon seems to regain its courage.
A red devil comes into view.
It is wielding a +0 trident of freezing.
There is an open door here.
You rampage towards the red devil!
The red devil hits you from afar with a +0 demon trident.
Barbed spikes become lodged in your body.
The barbs in your skin will harm you if you move.
Rampaging like this could really hurt!
Continue? [Y]es or [N]o only, please.
The barbs in your skin will harm you if you move.
Rampaging like this could really hurt!
Continue?
Okay, then.
The barbs in your skin will harm you if you move.
Rampaging like this could really hurt!
Continue?
You rampage towards the red devil!
The barbed spikes dig painfully into your body as you move.
* * * LOW HITPOINT WARNING * * *
You chop the red devil into pieces!!!
You kill the red devil!
Trog accepts your kill.
You hear a shout!
You hear a screech!
The red devil completely misses you.
The fire giant gestures at you while chanting.
The fireball explodes!
The fireball engulfs you!!!
You die...

# ######....(.CCQ#
####....#'######D##
...'...........#.##
####...........#D.#####.
#............C.......
#....####...#'#.####.
#....# ##..#.#.# #....#
##.#.#.. #..#.# ###@# ##
####.# #)# #4# ..# ..#
#3.# ####


You could see a golden dragon, a fire giant, a fire dragon, a ynoxinul (fleeing)
and a red devil.

Vanquished Creatures
  Vashnia (Snake:3)
  A caustic shrike (Depths:1)
  Jory (Vaults:4)
  2 liches (Abyss:3)
  A quicksilver dragon (WizLab)
  A walking frostbound tome (Depths:2)
  5 sphinxes
  A tentacled starspawn (Abyss:3)
  Frances (D:13)
  Gastronok (D:11)
  Agnes (Snake:3)
  3 tengu reavers
  2 nagarajas (Snake:4)
  3 fire giants
  An iron dragon (Depths:1)
  3 frost giants (Depths:1)
  Louise (Snake:1)
  3 draconian knights (WizLab)
  Aizul (Snake:2)
  10 vault wardens
  An orc warlord (Vaults:4)
  2 angels (Vaults:3)
  5 war gargoyles
  17 ironbound preservers
  3 vampire knights
  5 stone giants
  15 very ugly things
  Nessos (Orc:2)
  A deep elf annihilator (Vaults:2)
  7 ironbound thunderhulks
  A lorocyproca (Abyss:3)
  A spark wasp (Depths:1)
  3 minotaurs
  3 entropy weavers
  4 fire dragons
  An ettin (Depths:1)
  5 merfolk impalers
  6 great orbs of eyes
  A deep elf high priest (Vaults:1)
  5 merfolk javelineers
  7 rakshasas
  11 yaktaur captains
  3 hydras
  6 ice dragons
  11 vault guards
  Erolcha (D:11)
  3 peacekeepers
  4 salamander tyrants
  5 spriggan air magi
  21 centaur warriors
  5 ironbound frosthearts
  An alligator snapping turtle (Shoals:3)
  2 ogre magi
  13 anacondas
  Erica (D:9)
  2 death knights (Vaults:3)
  9 two-headed ogres
  6 death yaks (Lair:4)
  3 merfolk avatars
  8 naga warriors
  6 boulder beetles
  3 merfolk aquamancers
  A deep troll shaman (Depths:1)
  A tengu warrior (D:15)
  An orc high priest (Orc:2)
  6 satyrs (Shoals:4)
  2 thrashing horrors (Abyss:3)
  2 vampire magi (Depths:1)
  A deep troll earth mage (Depths:1)
  Urug (D:11)
  2 spriggan berserkers
  A sun demon (Depths:2)
  18 naga sharpshooters
  5 shock serpents
  2 hell knights
  A deep elf knight (WizLab)
  A wretched star (Abyss:1)
  Nergalle (D:11)
  6 skysharks
  A sixfirhy (Depths:1)
  An iron troll (Depths:1)
  4 skeletal warriors
  A shadow demon (Depths:1)
  A flayed ghost (Abyss:3)
  4 salamander mystics
  14 sea snakes
  Lodul (D:14)
  5 naga ritualists
  10 wizards
  24 slime creatures
  54 deep trolls
  2 large abominations
  2 phantasmal warriors
  4 deep elf pyromancers
  5 necromancers
  8 orc knights
  6 lindwurms
  13 ironbound convokers
  25 ugly things
  6 cyclopes
  16 harpies
  14 mana vipers
  17 manticores
  An orc sorcerer (Orc:1)
  10 fauns
  A wolf spider (Gauntlet)
  2 moths of wrath
  23 salamanders
  A worldbinder (Abyss:3)
  11 merfolk sirens
  5 elephants (Lair:4)
  19 naga magi
  A rust devil (Abyss:3)
  11 vault sentinels
  A demonic crawler (D:14)
  35 black mambas
  3 water nymphs
  3 ice statues (IceCv)
  11 guardian serpents
  A gargoyle (D:12)
  An orange demon (Depths:1)
  Psyche (D:8)
  12 cane toads
  Maggie (D:8)
  6 komodo dragons
  An unseen horror (D:11)
  6 rime drakes
  A tormentor (Abyss:1)
  An anaconda simulacrum (Abyss:3)
  A freezing wraith (D:15)
  31 yaktaurs
  6 meliai
  5 polar bears
  A harpy zombie (Abyss:1)
  7 trolls
  30 merfolk
  A red devil (Depths:2)
  10 wind drakes
  15 blink frogs
  8 snapping turtles
  14 dream sheep
  8 shadows
  3 centaur simulacra (D:15)
  3 wraiths
  6 wyverns
  7 water elementals (Shoals:3)
  A fire elemental (Abyss:3)
  19 humans (D:13)
  23 yaks
  Eustachio (D:6)
  A chaos spawn (Depths:1)
  7 redbacks
  2 death yak simulacra (IceCv)
  3 neqoxecs
  3 steam dragons
  A harpy simulacrum (IceCv)
  7 vampire mosquitoes
  A human simulacrum (Vaults:4)
  A human zombie (Vaults:4)
  3 swamp worms (D:14)
  37 nagas
  6 small abominations
  6 wargs
  A hydra simulacrum (IceCv)
  14 water moccasins
  37 orc warriors
  4 ice beasts
  An ogre skeleton (Vaults:4)
  A sky beast (D:6)
  16 ogres
  4 black bears
  6 wolves
  9 centaurs
  8 kobold brigands
  7 bullfrogs
  A human skeleton (Vaults:4)
  3 water moccasin zombies (Ossuary)
  A cane toad simulacrum (IceCv)
  5 scorpions
  16 wights
  16 killer bees
  4 electric eels
  A howler monkey (D:5)
  4 hounds
  An iron imp (Abyss:1)
  2 gnoll boudas
  4 jellies
  7 orc priests
  4 iguanas
  10 starcursed masses
  Jessica (D:2)
  15 orc wizards
  2 troll simulacra (D:11)
  2 spriggan simulacra (D:11)
  2 polar bear simulacra (IceCv)
  A boggart simulacrum (D:15)
  2 mummies (Ossuary)
  20 gnolls
  10 adders
  A naga simulacrum (D:11)
  4 river rats
  2 white imps
  2 ufetubi (D:15)
  7 adder zombies (Ossuary)
  A worm (D:2)
  A dart slug (D:4)
  56 orcs
  11 ball pythons
  4 endoplasms
  5 giant cockroaches
  3 gnoll zombies (Ossuary)
  36 goblins
  27 hobgoblins
  6 jackals
  6 quokkas
  5 bats
  4 frilled lizards
  4 hobgoblin zombies (Ossuary)
  32 kobolds
  3 kobold zombies (Ossuary)
  8 orc zombies (Ossuary)
  15 rats
  A starspawn tentacle (Abyss:3)
1484 creatures vanquished.

Vanquished Creatures (collateral kills)
  Head Instructor (WizLab)
  A vault warden (Vaults:4)
  A merfolk aquamancer (Shoals:3)
  An ogre mage (WizLab)
  2 anacondas (Snake:4)
  A dancing weapon (Vaults:4)
  A satyr (Shoals:4)
  A shock serpent (Snake:4)
  A salamander mystic (WizLab)
  A deep troll (Vaults:4)
  A sea snake (Shoals:3)
  A harpy (Shoals:4)
  An ugly thing (Vaults:4)
  2 wind drakes (Shoals:4)
  4 merfolk
  2 snapping turtles
  A water elemental (Shoals:3)
  3 orc warriors (Orc:2)
  5 centaurs (Orc:2)
  3 orcs (Orc:2)
34 creatures vanquished.

Vanquished Creatures (others)
  A wizard (Vaults:2)
  A lindwurm (Snake:4)
  A merfolk (Shoals:4)
  A centaur (Orc:2)
  2 demonic plants (Gauntlet)
  15 fungi
  91 plants
  A starspawn tentacle (Abyss:3)
113 creatures vanquished.

Grand Total: 1631 creatures vanquished

Notes
Turn   | Place    | Note
-------+----------+-------------------------------------------
     0 | D:1      | raph the Minotaur Berserker began the quest for the Orb.
     0 | D:1      | Reached XP level 1. HP: 19/19 MP: 0/0
    95 | D:1      | Reached skill level 4 in Long Blades
   262 | D:1      | Reached XP level 2. HP: 21/26 MP: 1/1
   589 | D:1      | Reached skill level 5 in Long Blades
   950 | D:2      | Reached XP level 3. HP: 31/31 MP: 2/2
  1204 | D:2      | Found a broken altar of Ashenzari.
  1286 | D:2      | Noticed Jessica
  1290 | D:2      | Killed Jessica
  1291 | D:2      | Reached skill level 6 in Long Blades
  1291 | D:2      | Reached XP level 4. HP: 39/39 MP: 3/3
  1291 | D:2      | Reached ** piety under Trog
  2270 | D:3      | Reached skill level 7 in Long Blades
  2270 | D:3      | Reached XP level 5. HP: 43/45 MP: 4/4
  2404 | D:3      | Found a glowing drain.
  2412 | Sewer    | Entered a sewer
  2445 | Sewer    | Reached skill level 8 in Long Blades
  2661 | Sewer    | Reached XP level 6. HP: 43/51 MP: 5/5
  2952 | Sewer    | Reached skill level 9 in Long Blades
  3775 | D:3      | Found a burning altar of Makhleb.
  3954 | D:3      | Reached *** piety under Trog
  3988 | D:3      | Reached XP level 7. HP: 57/57 MP: 6/6
  4264 | D:3      | Reached skill level 10 in Long Blades
  5104 | D:4      | Found a staircase to the Ecumenical Temple.
  5207 | D:4      | Found a sand-covered staircase.
  5212 | Ossuary  | Entered an ossuary
  5245 | Ossuary  | Reached **** piety under Trog
  5361 | Ossuary  | Reached skill level 1 in Throwing
  5418 | Ossuary  | Reached XP level 8. HP: 42/66 MP: 7/7
  5888 | D:5      | Entered Level 5 of the Dungeon
  5949 | D:5      | Reached skill level 11 in Long Blades
  6878 | D:5      | Identified the ring "Kemaodum" {Fire Dex+3 Stlth+}
  7424 | D:5      | Found a white marble altar of Elyvilon.
  7441 | D:5      | Reached skill level 5 in Fighting
  7762 | D:6      | Noticed Eustachio
  7804 | D:6      | Killed Eustachio
  7805 | D:6      | Reached XP level 9. HP: 59/74 MP: 8/8
  7908 | D:6      | Reached skill level 5 in Armour
  8165 | D:6      | Found a faded altar of an unknown god.
  8165 | D:6      | Found a faded altar of an unknown god.
  8173 | D:6      | Found a glowing golden altar of the Shining One.
  8175 | D:6      | Found an ornate altar of the Wu Jian Council.
  8177 | D:6      | Found a hazy altar of Hepliaklqana.
  8272 | D:6      | Found a blossoming altar of Fedhas.
  8459 | D:6      | Reached skill level 5 in Dodging
  8824 | D:7      | Reached skill level 12 in Long Blades
  8922 | D:7      | Reached ***** piety under Trog
  9653 | D:8      | Noticed a two-headed ogre
  9664 | D:8      | Killed a two-headed ogre
  9665 | D:8      | Reached skill level 5 in Throwing
  9665 | D:8      | Reached skill level 1 in Shields
  9665 | D:8      | Reached XP level 10. HP: 86/86 MP: 9/9
 10372 | D:8      | Noticed Psyche
 10379 | D:8      | Killed Psyche
 10597 | D:8      | Noticed Maggie
 10609 | D:8      | Killed Maggie
 10648 | D:8      | Noticed a two-headed ogre
 10660 | D:8      | Killed a two-headed ogre
 11182 | D:8      | Found a shadowy altar of Dithmenos.
 11238 | D:9      | Noticed Erica
 11243 | D:9      | Killed Erica
 11244 | D:9      | Reached skill level 13 in Long Blades
 11317 | D:9      | Identified the +9 triple sword "Fojips" {heavy, rPois Int-2
                  | Dex+3} (Trog gifted it to you on level 9 of the Dungeon)
 11317 | D:9      | Received a gift from Trog
 11478 | D:9      | Identified the +4 ring mail of Baequcu {rC+++ Regen+ Dex-5
                  | SInv}
 11860 | D:9      | Noticed a skeletal warrior
 11865 | D:9      | Killed a skeletal warrior
 11866 | D:9      | Reached XP level 11. HP: 95/95 MP: 10/10
 11871 | D:9      | Noticed a centaur warrior
 11874 | D:9      | Killed a centaur warrior
 11913 | D:9      | Noticed an orc knight
 11917 | D:9      | Killed an orc knight
 11919 | D:9      | Noticed a seven-headed hydra
 11929 | D:9      | Killed a two-headed hydra
 11978 | D:9      | Noticed a wizard
 12021 | D:9      | Killed a wizard
 12258 | D:9      | Noticed a fire dragon
 12263 | D:9      | Killed a fire dragon
 12437 | D:10     | Entered Level 10 of the Dungeon
 12439 | D:10     | Found a staircase to the Lair.
 12447 | D:10     | Reached skill level 14 in Long Blades
 12569 | D:10     | Found a shimmering altar of Xom.
 12581 | D:10     | Noticed an orc knight
 12588 | D:10     | Killed an orc knight
 12609 | D:10     | Found a flagged portal.
 12618 | Bailey   | Entered a bailey
 12778 | Bailey   | Identified the +0 plate armour "Hufrunt" {rElec Stlth+}
 12781 | Bailey   | Identified the +5 pair of gloves "Gedaq" {rElec rPois Str-3
                  | Int+4}
 13013 | D:10     | Found an iron altar of Okawaru.
 13534 | Lair:1   | Entered Level 1 of the Lair of Beasts
 13837 | Lair:1   | Reached skill level 10 in Fighting
 13837 | Lair:1   | Reached skill level 1 in Evocations
 13837 | Lair:1   | Reached XP level 12. HP: 91/106 MP: 8/11
 14439 | Lair:2   | Found a staircase to the Snake Pit.
 14441 | Lair:2   | Reached skill level 15 in Long Blades
 14597 | Lair:2   | Identified a scroll of acquirement
 14597 | Lair:2   | Acquired the +5 pair of boots of the Sun {rN+}
 14941 | Lair:2   | Reached skill level 10 in Armour
 15758 | Lair:3   | Found a staircase to the Shoals.
 16605 | Lair:3   | Reached skill level 16 in Long Blades
 16649 | Lair:3   | Reached XP level 13. HP: 116/116 MP: 10/12
 16837 | Lair:4   | Reached skill level 10 in Throwing
 17184 | Lair:4   | Reached skill level 10 in Dodging
 18211 | Lair:4   | Identified the +5 trident "Femetu" {heavy, rC+ Will+ Str-2
                  | Int+7}
 18311 | Lair:5   | Entered Level 5 of the Lair of Beasts
 18546 | Lair:5   | Received a gift from Trog
 18841 | Lair:5   | Reached skill level 5 in Evocations
 18953 | Lair:5   | Reached skill level 17 in Long Blades
 19402 | Lair:5   | Found a staircase to the Slime Pits.
 19804 | D:11     | Noticed Urug
 19804 | D:11     | Found a frozen archway.
 19821 | D:11     | Killed Urug
 19868 | IceCv    | Entered an ice cave
 20033 | IceCv    | Reached XP level 14. HP: 41/126 MP: 6/13
 20243 | IceCv    | Identified the +3 leather armour "Zehine" {*Corrode Fly rC+
                  | Dex+3}
 20246 | IceCv    | Identified the +0 plate armour of Byinih Udohe {rElec
                  | Dex+3}
 20561 | D:11     | Noticed Erolcha
 20565 | Abyss:1  | Found a corrupted altar of Lugonu.
 20565 | Abyss:1  | Cast into level 1 of the Abyss (Erolcha)
 20607 | Abyss:1  | Gained mutation: You do not regenerate when monsters are
                  | visible. [a neqoxec]
 20756 | Abyss:1  | Noticed a yellow draconian annihilator
 21000 | Abyss:2  | Noticed a brown very ugly thing
 21009 | Abyss:2  | Killed a brown very ugly thing
 21053 | D:11     | Escaped the Abyss
 21061 | D:11     | Killed Erolcha
 21225 | D:11     | Lost mutation: You do not regenerate when monsters are
                  | visible. [potion of mutation]
 21225 | D:11     | Gained mutation: Your flesh is cold resistant. (rC+)
                  | [potion of mutation]
 21225 | D:11     | Gained mutation: You have hidden genetic potential. [potion
                  | of mutation]
 21275 | D:11     | Noticed Nergalle
 21279 | D:11     | Killed Nergalle
 21330 | D:11     | Noticed Gastronok
 21339 | D:11     | Killed Gastronok
 21791 | D:12     | Found a staircase to the Orcish Mines.
 22289 | D:12     | Found a transporter.
 22672 | Orc:1    | Entered Level 1 of the Orcish Mines
 22978 | Orc:2    | Entered Level 2 of the Orcish Mines
 22995 | Orc:1    | Received a gift from Trog
 23370 | Orc:2    | Reached skill level 18 in Long Blades
 23590 | Orc:2    | Noticed Nessos
 23603 | Orc:2    | Killed Nessos
 23829 | Orc:2    | Found a staircase to the Elven Halls.
 24188 | Orc:2    | Found Wesuh's Antique Armour Shop.
 24188 | Orc:2    | Found Retsust's Assorted Antiques.
 24190 | Orc:2    | Found Ysecizup's Armour Emporium.
 24192 | Orc:2    | Found Fesu's General Store.
 24201 | Orc:2    | Bought a scroll of identify for 54 gold pieces
 24201 | Orc:2    | Bought a scroll labelled POALEA XIDD for 27 gold pieces
 24503 | D:13     | Noticed Frances
 24514 | D:13     | Killed Frances
 24514 | D:13     | Received a gift from Trog
 25075 | D:13     | Reached XP level 15. HP: 135/135 MP: 14/14
 25223 | D:13     | Identified the +0 flail of Tumult {chaos, rPois}
 25227 | D:13     | Found a gate to the Vaults.
 25686 | D:14     | Noticed Lodul
 25690 | D:14     | Killed Lodul
 25690 | D:14     | Gained mutation: Your muscles are strong. (Str +4, Int/Dex
                  | -1) [hidden potential]
 26444 | D:14     | Identified the amulet "Huunn" {Spirit Rampage Int+3 SInv}
 26954 | D:14     | Received a gift from Trog
 27248 | D:15     | Entered Level 15 of the Dungeon
 27271 | D:15     | Found a gate leading to a gauntlet.
 27282 | Gauntlet | Entered a Gauntlet
 27282 | Gauntlet | Found a transporter.
 27282 | Gauntlet | Found a transporter.
 27286 | Gauntlet | Found a transporter.
 27286 | Gauntlet | Found a transporter.
 27297 | Gauntlet | Found a transporter.
 27304 | Gauntlet | Found a transporter.
 27306 | Gauntlet | Found a transporter.
 27314 | Gauntlet | Found a transporter.
 27314 | Gauntlet | Found a transporter.
 27345 | Gauntlet | Found a transporter.
 27373 | Gauntlet | Found a transporter.
 27409 | Gauntlet | Found a transporter.
 27426 | Gauntlet | Found a transporter.
 27438 | Gauntlet | Found a transporter.
 27525 | Gauntlet | Found a transporter.
 27547 | Gauntlet | Found a transporter.
 27651 | Gauntlet | Identified the staff of earth "Fumpaasm" {rCorr}
 27819 | Gauntlet | Reached skill level 19 in Long Blades
 28086 | Gauntlet | Identified the +1 hat of Wisdom {rCorr Str-2 Dex+9}
 28130 | Gauntlet | Identified the ring "Tufekk" {rN+ rCorr MP+9}
 29485 | D:15     | Found a runed translucent gate.
 29485 | D:15     | Found a runed translucent gate.
 29485 | D:15     | Found a runed translucent gate.
 29488 | D:15     | Noticed MuffinSoup's ghost (journeyman OpHW)
 29489 | D:15     | Noticed a rockslime
 29492 | D:15     | Found a viscous altar of Jiyva.
 29632 | D:15     | Found a staircase to the Depths.
 30129 | Shoals:1 | Entered Level 1 of the Shoals
 31227 | Shoals:2 | Found a runed translucent gate.
 31231 | Shoals:2 | Found a runed translucent gate.
 31231 | Shoals:2 | Found a runed translucent gate.
 31232 | Shoals:2 | Found an opulent altar of Gozag.
 31232 | Shoals:2 | Noticed Borgoz's ghost (adept GrBe)
 31285 | Shoals:2 | Reached XP level 16. HP: 145/146 MP: 15/15
 31450 | Shoals:2 | Identified the +11 trident of Excruciating Pain {heavy,
                  | rCorr Str+3 Int+3 Stlth+}
 32195 | Shoals:3 | Gained mutation: You have great hidden genetic potential.
                  | [hidden potential]
 32195 | Shoals:3 | Lost mutation: You have great hidden genetic potential.
                  | [hidden potential expressed]
 32651 | Shoals:3 | Reached skill level 20 in Long Blades
 33022 | Shoals:3 | Acquired 334 gold pieces
 33633 | Shoals:4 | Entered Level 4 of the Shoals
 34419 | Shoals:4 | Received a gift from Trog
 34925 | Shoals:4 | Reached skill level 15 in Throwing
 35863 | Shoals:4 | Reached skill level 15 in Fighting
 36177 | Shoals:4 | Identified the staff of earth "Upnawog" {Dex+4}
 36199 | Shoals:4 | HP: 3/149 [satyr/arrow (16)]
 36205 | Shoals:4 | HP: 6/149 [merfolk/+3 dagger of distortion (11)]
 36205 | Shoals:4 | HP: 1/149 [merfolk/+3 dagger of distortion (5)]
 36635 | Shoals:4 | Noticed a sphinx
 36642 | Shoals:4 | Reached XP level 17. HP: 73/156 MP: 11/16
 36648 | Shoals:4 | Reached skill level 15 in Armour
 36997 | Shoals:4 | Got a barnacled rune of Zot
 37028 | Shoals:4 | Identified the +0 great mace of Freehold {drain, rPois
                  | Str+3}
 37263 | Snake:1  | Entered Level 1 of the Snake Pit
 37274 | Snake:1  | Gained mutation: Your spells are a little harder to cast,
                  | but a little more powerful. [hidden potential]
 37277 | Snake:1  | Received a gift from Trog
 37494 | Snake:1  | Noticed Louise
 37508 | Snake:1  | Killed Louise
 37792 | Snake:1  | Found Fics's Antique Armour Shop.
 38451 | Snake:2  | Acquired 1182 gold pieces
 38749 | Snake:2  | Found Fyarrif's Book Shop.
 39045 | Snake:2  | Reached skill level 10 in Evocations
 39664 | Snake:3  | Noticed Vashnia
 39664 | Snake:3  | Noticed Aizul
 39681 | Snake:2  | Killed Aizul
 40114 | Snake:3  | Killed Vashnia
 40153 | Snake:3  | Received a gift from Trog
 41184 | Snake:3  | Noticed Agnes
 41189 | Snake:3  | Killed Agnes
 41257 | Snake:4  | Entered Level 4 of the Snake Pit
 41296 | Snake:4  | Identified the +11 double sword "Kealergh" {flame, Str+3
                  | Int-3 Stlth+} (Trog gifted it to you on level 4 of the
                  | Snake Pit)
 41296 | Snake:4  | Received a gift from Trog
 41443 | Snake:4  | Reached XP level 18. HP: 168/168 MP: 17/17
 42438 | Snake:4  | Reached skill level 15 in Dodging
 43389 | Snake:4  | Got a serpentine rune of Zot
 43756 | Vaults:1 | Entered Level 1 of the Vaults
 45054 | Vaults:1 | Received a gift from Trog
 45274 | Vaults:1 | Reached XP level 19. HP: 105/177 MP: 16/18
 46366 | Vaults:2 | Gained mutation: You are partially covered in iridescent
                  | scales. (AC +2) [hidden potential]
 46366 | Vaults:2 | Lost mutation: You have hidden genetic potential. [hidden
                  | potential expressed]
 46513 | Vaults:2 | Found a gateway to a bazaar.
 46524 | Vaults:2 | Found a runed translucent gate.
 46524 | Vaults:2 | Found a runed translucent gate.
 46525 | Vaults:2 | Found a runed translucent gate.
 46540 | Bazaar   | Entered a bazaar
 46540 | Bazaar   | Found Wamojuk's Weapon Emporium.
 46540 | Bazaar   | Found Vunuewn's Armour Emporium.
 46541 | Bazaar   | Found Catreafo's Magic Scroll Shoppe.
 46541 | Bazaar   | Found Gillo's Book Shoppe.
 46555 | Bazaar   | Bought a scroll of enchant armour for 75 gold pieces
 46555 | Bazaar   | Bought a scroll of blinking for 75 gold pieces
 46555 | Bazaar   | Bought a scroll of fear for 40 gold pieces
 46606 | Vaults:2 | Reached skill level 21 in Long Blades
 46607 | Vaults:2 | Reached ****** piety under Trog
 46723 | Vaults:2 | Received a gift from Trog
 47162 | Vaults:2 | You fall into a shaft and drop 2 floors!
 47399 | Vaults:2 | Found a portal to a secret trove of treasure.
 48043 | Vaults:3 | Received a gift from Trog
 48384 | Vaults:3 | Identified the ring "Paresh" {Fly Stlth+}
 48543 | Vaults:3 | Found a glowing silver altar of Zin.
 48543 | Vaults:3 | Found a white marble altar of Elyvilon.
 48564 | Vaults:3 | Found a glowing golden altar of the Shining One.
 48684 | Vaults:3 | Reached XP level 20. HP: 160/189 MP: 19/19
 48743 | Vaults:3 | Identified the +2 robe "Lown" {rPois}
 48789 | Vaults:3 | Found a staircase to the Crypt.
 49146 | Vaults:3 | Identified the ring of Untruth {rPois SInv}
 49463 | Vaults:3 | Identified the +3 great sword of the Wheel {heavy, rPois
                  | rF+ Int-4} (Trog gifted it to you on level 3 of the Vaults)
 49463 | Vaults:3 | Received a gift from Trog
 49607 | Vaults:4 | Paralysed by a sphinx for 4 turns
 50728 | Abyss:3  | Cast into level 3 of the Abyss (vault guard)
 50729 | Abyss:3  | Found a corrupted altar of Lugonu.
 50815 | Abyss:3  | Received a gift from Trog
 50914 | Abyss:3  | Found a corrupted altar of Lugonu.
 50960 | Abyss:3  | Reached skill level 22 in Long Blades
 51031 | Vaults:4 | Escaped the Abyss
 51380 | Vaults:4 | Paralysed by a great orb of eyes for 3 turns
 51488 | Vaults:4 | Noticed Jory
 51497 | Vaults:4 | Killed Jory
 51874 | Depths:1 | Entered Level 1 of the Depths
 52132 | Depths:1 | Found Lelapnups's Weapon Boutique.
 52164 | Depths:1 | Received a gift from Trog
 52228 | Depths:1 | Found a magical portal.
 52279 | WizLab   | Entered Yara's Duelist Academy
 52466 | WizLab   | Noticed Gutzis
 52487 | WizLab   | Killed Gutzis the Head Instructor
 52965 | WizLab   | Reached XP level 21. HP: 183/198 MP: 12/20
 53311 | Depths:1 | Found a gateway to Hell.
 53350 | Depths:1 | Found a transporter.
 53439 | Depths:1 | Found a transporter.
 53458 | Depths:1 | Received a gift from Trog
 53482 | Depths:1 | Found a transporter.
 53546 | Depths:1 | Noticed a caustic shrike
 53553 | Depths:1 | Killed a caustic shrike
 54230 | Depths:1 | Found a transporter.
 54500 | Depths:1 | Found a one-way gate leading to the halls of Pandemonium.
 54509 | Depths:1 | Gained mutation: You are frail. (-10% HP) [a neqoxec]
 55016 | Depths:2 | Noticed a golden dragon
 55016 | Depths:2 | Noticed a golden dragon
 55018 | Depths:2 | Gained mutation: You are agile. (Dex +4, Str/Int -1) [a
                  | neqoxec]
 55019 | Depths:2 | Gained mutation: Your body sometimes deteriorates upon
                  | taking damage. [a neqoxec]
 55030 | Depths:2 | HP: 5/179 [fire dragon/blast of flame (25)]
 55038 | Depths:2 | Killed from afar by a fire giant

Illustrated notes

Levels and vault maps discovered:
D:1:      dpeg_arrival_solitude, layout_loops_ring, minmay_fountain_box,
          supply_closet_lemuel, minmay_hedge_maze
D:2:      layout_basic, basic_altar, uniq_jessica
D:3:      minmay_goblin_kobold_castle, layout_loops_ring, bloody_makhleb,
          portal_sewer_entry_e, amcnicky_mini_pool_small
D:4:      layout_rooms, temple_hall, enter_ossuary_5
D:5:      layout_basic, nicolae_elyvilon_peaceful_grove
D:6:      layout_basic, nicolae_overflow_hidden_temple,
          chequers_temple_overflow_minitemple, uniq_eustachio
D:7:      layout_loops_cross
D:8:      layout_basic, kennysheep_mini_moat, uniq_psyche, uniq_maggie
D:9:      minmay_sliced_demisemicircle, layout_irregular_city, uniq_erica
D:10:     layout_basic, mainiacjoe_overflow_chevrons,
          mainiacjoe_overflow_boulevard, david_lair_shrubbed, enter_bailey_2
D:11:     layout_loops_ring, portal_ice_cave_entry_ice_simulacra,
          grunt_ministairs_11, glass_columns_b, uniq_erolcha, uniq_nergalle,
          uniq_urug, uniq_gastronok
D:12:     layout_loops_corners, minmay_orc_entry_guard_dogs, nicolae_diode_basic
D:13:     layout_loops_cross, grunt_vaults_entry_tiered, uniq_frances
D:14:     layout_stronghold, minmay_misc_feat_rugged, worms_lemuel, uniq_lodul
D:15:     grunt_enter_depths_hoard, layout_stronghold, gauntlet_entry_generic,
          gammafunk_ghost_ooze, serial_ice, serial_ice_m, serial_ice_e,
          serial_ice_o, serial_ice_b
Lair:1:   layout_regular_city, grunt_megastairs_1, lemuel_fruit_fields
Lair:2:   layout_roguey, minmay_snake_entry_guardpost_small,
          serial_bayou_ford_a, st_stairs_6, serial_bayou_lake_a
Lair:3:   layout_long_grid, minmay_shoals_entry_lonely_mermaid,
          infiniplex_staircase_pool
Lair:4:   layout_cave_shapes
Lair:5:   gammafunk_lair_ancient_temple, layout_loops_ring, slime_entry_1
Shoals:1: layout_shoals
Shoals:2: layout_shoals, ebering_ghost_gozag
Shoals:3: layout_shoals, nicolae_shoals_loop_pool
Shoals:4: shoals_end_hellmonk_lost_city
Snake:1:  layout_onion_interference, serial_shops, nicolae_lakefront_shop,
          grunt_ministairs_1, lemuel_fruit_tree, grunt_megastairs_2, uniq_louise
Snake:2:  layout_chambers, serial_shops, nicolae_shop_stone,
          fake_guardian_serpent_vault
Snake:3:  layout_gridlike, uniq_vashnia, uniq_agnes, uniq_aizul
Snake:4:  snake_pit_salamanders_mu, layout_cave_town
Orc:1:    layout_caves
Orc:2:    st_orc_rangers, layout_caves, nicolae_orc_tapped_out, uniq_nessos
Vaults:1: v_misc_22, nicolae_vaults_stepped_doors, vaults_standard_mumra_lines,
          nicolae_vaults_tetromino_T_2, vaults_dpeg_diagonal,
          nicolae_vaults_murder_corner, nicolae_vaults_diamond_2,
          nicolae_vaults_trapezoid_lopsided_1, nicolae_vaults_closet_pinwheel_1,
          nicolae_vaults_rhombus_6, nicolae_vaults_diamond_1,
          nicolae_vaults_specimen_jars, layout_vaults_omnigrid
Vaults:2: ploomutoo_gammafunk_ghost_potion_laboratory,
          nicolae_vaults_little_squares_3, grunt_vaults_hallway_long,
          ontoclasm_vaults_spin, vaults_standard_mumra_enter_the_diamond,
          vaults_mumra_bighexcomb, v_misc_29, v_rooms_1,
          dpeg_vaults_monster_box, nicolae_vaults_mini_display_case,
          vaults_room_pools, nicolae_vaults_trapezoid_lopsided_3,
          layout_vaults_omnicross, serial_shops, statue_bzr,
          nicolae_trove_entry_crossroad
Vaults:3: portal_desolation_entry_holy_temple, blue_anna_dwarven_crypt,
          nicolae_vaults_network_quinsquares
          [nicolae_vaults_network_quincunx_subvault,
          nicolae_vaults_network_quincunx_subvault,
          nicolae_vaults_network_quincunx_subvault,
          nicolae_vaults_network_quincunx_subvault], hangedman_vaults_corner,
          nicolae_vaults_shipping_containers_6, hangedman_vaults_trim,
          ontoclasm_vaults_gateway, v_misc_29, nicolae_vaults_twisting_passages,
          v_rooms_2, ontoclasm_vaults_ligature,
          nicolae_vaults_offset_grid_hallway_3, vaults_room_pool,
          vaults_room_semicircle, layout_vaults_omnibox
Vaults:4: v_misc_4, ontoclasm_vaults_pinch, grunt_vaults_trifunnel,
          nicolae_vaults_storage_room_glass, hangedman_vaults_corner_blocks,
          v_misc_17, hangedman_vaults_river_flow, nicolae_vaults_network_s,
          hangedman_vaults_slice, nicolae_vaults_trapezoid_lopsided_3,
          nicolae_vaults_double_plus_1, hangedman_vaults_maws,
          layout_vaults_maze_snakey, uniq_jory
Depths:1: minmay_triangles_in_corner, layout_basic, rand_demon_pan_entry_9,
          hangedman_decor_points, hell_entry, mu_enter_wizlab_3, serial_shops,
          kennysheep_little_box, nicolae_transporter_intersection
Depths:2: nicolae_fronds_of_death, layout_gridlike, enter_ziggurat_c,
          hell_entry, abyss_entry, grunt_pan_entry_zigzag, tso_altar,
          infiniplex_staircase_door_maze, uniq_grunn

Skill      XL: |  1  2  3  4  5  6  7  8  9 10 11 12 13 14 15 16 17 18 19 20 |
---------------+-------------------------------------------------------------+-----
Long Blades    | 4 5 6 7 8 9 10 11 12 13 14 16 17 18 19 20 21 22 | 22.5
Fighting       | 4 5 7 8 10 11 12 13 14 15 16 17 18 19 | 19.5
Throwing       | 1 3 5 6 8 9 11 13 14 15 16 17 18 | 18.4
Armour         | 3 4 6 8 9 10 11 12 13 14 16 17 18 19 | 19.3
Dodging        | 4 6 7 8 9 10 11 12 13 14 15 16 17 | 17.7
Shields        | 1 2 |  2.4
Evocations     | 1 3 5 6 8 9 10 11 12 13 | 13.6

Action                     |  1- 3 |  4- 6 |  7- 9 | 10-12 | 13-15 | 16-18 | 19-21 || total
---------------------------+-------+-------+-------+-------+-------+-------+-------++-------
  Melee: Falchion          |    60 |   203 |   506 |    70 |       |       |       ||   839
         Headbutt          |     7 |    27 |    92 |    80 |   134 |   154 |   192 ||   686
         Punch             |     1 |       |     4 |       |       |       |       ||     5
         Great sword       |       |       |       |    47 |       |       |       ||    47
         Scimitar          |       |       |       |    17 |    10 |       |       ||    27
         Triple sword      |       |       |       |   261 |   726 |   766 |   755 ||  2508
  Throw: Javelin           |       |       |       |     4 |     3 |    11 |       ||    18
         Boomerang         |       |       |       |     1 |    96 |   222 |    35 ||   354
         Throwing net      |       |       |       |       |     2 |       |       ||     2
 Invoke: Berserk           |     1 |     6 |    10 |    10 |    22 |     7 |       ||    56
         Trog's Hand       |       |     1 |     3 |       |    10 |     7 |     7 ||    28
         Brothers in Arms  |       |       |       |       |     2 |     4 |     3 ||     9
  Evoke: Wand              |       |       |       |       |     1 |     7 |     2 ||    10
         Phial of floods   |       |       |       |       |       |       |     1 ||     1
         Phantom mirror    |       |       |       |       |       |       |     1 ||     1
    Use: Scroll            |     5 |     4 |     9 |     4 |    15 |     8 |    12 ||    57
         Potion            |       |       |       |       |     1 |     7 |     8 ||    16
   Stab: Invisible         |       |       |       |       |       |     2 |       ||     2
 Armour: Animal skin       |    10 |       |       |       |       |       |       ||    10
         Ring mail         |     9 |    13 |       |       |       |       |       ||    22
         Chain mail        |       |    86 |   256 |    70 |       |       |       ||   412
         Fire dragon scale |       |       |       |    62 |       |       |       ||    62
         Plate armour      |       |       |       |    30 |       |       |       ||    30
         Pearl dragon scal |       |       |       |   144 |   714 |   956 |   594 ||  2408
  Dodge: Dodged            |    42 |   110 |   181 |   352 |   885 |  1562 |  1133 ||  4265
  Block: Kite shield       |       |       |    90 |    23 |       |       |       ||   113
